|
||||||||||||||||||||||||||||||||||||||||||||||||||||||||||||||||||||||||||||||
| ||||||||||||||||||||||||||||||||||||||||||||||||||||||||||||||||||||||||||||||
Top of the 3rd over - 0 runs, 1 hit, 0 errors, 0 left on base; Detroit 2 - Cleveland 3 |
BOTTOM OF THE 3RD | |
---|---|
Cleveland Guardians batting - Pitching for Detroit Tigers : RHP Caleb Franklin | |
Batting: RHB Nick Ogle |
0-0: Ball 1-0: Ball 2-0: Called Strike 2-1: Ball 3-1: Fly out, F7 (Flyball, 78S, EV 73.8 MPH) |
Batting: RHB Christian Blue |
0-0: Foul Ball, location: 2F 0-1: Called Strike 0-2: Foul Ball, location: 2F 0-2: Ball 1-2: Ball 2-2: Fly out, F8 (Flyball, 8RM, EV 88.8 MPH) |
Batting: RHB Jasper Burd |
0-0: Swinging Strike 0-1: Foul Ball, location: 2F 0-2: Strikes out swinging |
Bottom of the 3rd over - 0 runs, 0 hits, 0 errors, 0 left on base; Detroit 2 - Cleveland 3 |
TOP OF THE 4TH | |
---|---|
Detroit Tigers batting - Pitching for Cleveland Guardians : RHP Ben Cole | |
Batting: LHB Frank McConnell |
0-0: Called Strike 0-1: Ball 1-1: Swinging Strike 1-2: Ball 2-2: Strikes out swinging |
Batting: RHB Chris Wheatley |
0-0: Called Strike 0-1: Ball 1-1: Ball 2-1: Foul Ball, location: 2F 2-2: Foul Ball, location: 2F 2-2: Ground out 2-3 (Groundball, 2L, EV 67.5 MPH) |
Batting: LHB Conrad Taylor |
0-0: Called Strike 0-1: Ball 1-1: Ground out 6-3 (Groundball, 6, EV 108.8 MPH) |
Top of the 4th over - 0 runs, 0 hits, 0 errors, 0 left on base; Detroit 2 - Cleveland 3 |
BOTTOM OF THE 4TH | |
---|---|
Cleveland Guardians batting - Pitching for Detroit Tigers : RHP Caleb Franklin | |
Batting: LHB Jack Bell |
0-0: Called Strike 0-1: Fly out, F9 (Flyball, 9, EV 86.9 MPH) |
Batting: RHB Nick Sharp |
0-0: Ball 1-0: Called Strike 1-1: Swinging Strike 1-2: Strikes out swinging |
Batting: RHB Rick O'Reilly |
0-0: Ball 1-0: Ball 2-0: Called Strike 2-1: Ball 3-1: Base on Balls |
Batting: RHB Aaron Matthews |
0-0: Ball 1-0: Ball 2-0: Foul Ball, location: 2F 2-1: Fly out, F7 (Line Drive, 7, EV 98.8 MPH) |
Bottom of the 4th over - 0 runs, 0 hits, 0 errors, 1 left on base; Detroit 2 - Cleveland 3 |
TOP OF THE 5TH | |
---|---|
Detroit Tigers batting - Pitching for Cleveland Guardians : RHP Ben Cole | |
Batting: SHB Adam Weber | 0-0: Fly out, F5 (Popup, 5SF, EV 85.0 MPH) |
Batting: LHB Tyler Davis |
0-0: Called Strike 0-1: Called Strike 0-2: Ball 1-2: Strikes out swinging |
Batting: RHB Brady Jeleniewski |
0-0: Foul Ball, location: 2F 0-1: Ball 1-1: Ball 2-1: Swinging Strike 2-2: Strikes out swinging |
Top of the 5th over - 0 runs, 0 hits, 0 errors, 0 left on base; Detroit 2 - Cleveland 3 |
BOTTOM OF THE 5TH | |
---|---|
Cleveland Guardians batting - Pitching for Detroit Tigers : RHP Caleb Franklin | |
Batting: LHB Arvin Dungca |
0-0: Ball 1-0: Ball 2-0: Called Strike 2-1: Ball 3-1: Base on Balls |
Batting: LHB John Harring |
0-0: Called Strike 0-1: Fly out, F6 (Popup, 6D, EV 59.4 MPH) |
Batting: RHB Nick Ogle |
0-0: Ball Arvin Dungca steals 2nd base 1-0: SINGLE (Line Drive, 7S, EV 86.2 MPH) Arvin Dungca to third |
Batting: RHB Christian Blue |
0-0: Ball 1-0: Grounds into double play, 6-4-3 (Groundball, 6, EV 84.4 MPH) |
Bottom of the 5th over - 0 runs, 1 hit, 0 errors, 1 left on base; Detroit 2 - Cleveland 3 |
TOP OF THE 6TH | |
---|---|
Detroit Tigers batting - Pitching for Cleveland Guardians : RHP Ben Cole | |
Batting: RHB Dan Friess |
0-0: Swinging Strike 0-1: Ball 1-1: Ball 2-1: Called Strike 2-2: Strikes out looking |
Batting: RHB Rich Stinson |
0-0: Ball 1-0: SOLO HOME RUN (Flyball, 7D, EV 94.4 MPH), Distance : 378 ft |
Batting: LHB Morgan Black |
0-0: Ball 1-0: Ball 2-0: Called Strike 2-1: Ground out 5-3 (Groundball, 56, EV 91.9 MPH) |
Batting: LHB Frank McConnell |
0-0: Called Strike 0-1: Ball 1-1: Foul Ball, location: 2F 1-2: Strikes out looking |
Top of the 6th over - 1 run, 1 hit, 0 errors, 0 left on base; Detroit 3 - Cleveland 3 |
BOTTOM OF THE 6TH | |
---|---|
Cleveland Guardians batting - Pitching for Detroit Tigers : RHP Caleb Franklin | |
Batting: RHB Jasper Burd |
0-0: Called Strike 0-1: Swinging Strike 0-2: Ball 1-2: Foul Ball, location: 2F 1-2: SINGLE (Groundball, 4, EV 98.8 MPH) |
Batting: LHB Jack Bell |
0-0: Ball 1-0: Called Strike 1-1: Called Strike Jasper Burd steals 2nd base 1-2: SINGLE (Flyball, 4D, EV 90.0 MPH) Jasper Burd to third |
Batting: RHB Nick Sharp |
0-0: Ball 1-0: Called Strike 1-1: Fly out, F8 (Flyball, 8LM, EV 80.0 MPH) Runner from 3rd tags up, SCORES, no throw by CF |
Batting: RHB Rick O'Reilly |
0-0: Ball 1-0: Ball 2-0: Foul Ball, location: 2F 2-1: Ball 3-1: SINGLE (Line Drive, 4D, EV 96.9 MPH) Jack Bell to second Runner from 2nd tries for 3rd, SAFE, throw by CF made to third |
Pitching: RHP Chris McCurdy | |
Batting: RHB Aaron Matthews |
0-0: Ball Rick O'Reilly steals 2nd base 1-0: Ball 2-0: Ball 3-0: Called Strike 3-1: Base on Balls |
Batting: LHB Arvin Dungca |
0-0: Ball Wild Pitch! Jack Bell scores Rick O'Reilly to third Aaron Matthews to second 1-0: Ball 2-0: Swinging Strike 2-1: Ball 3-1: Foul Ball, location: 2F 3-2: Base on Balls |
Batting: LHB John Harring |
0-0: Ball 1-0: Called Strike 1-1: Fly out, F8 (Flyball, 8LD, EV 96.2 MPH) Runner from 3rd tags up, SCORES, no throw by CF |
Batting: RHB Nick Ogle |
0-0: Ball 1-0: 3-RUN HOME RUN (Flyball, 89XD, EV 99.4 MPH), Distance : 402 ft |
Batting: RHB Christian Blue | 0-0: Ground out 1-3 (Groundball, 15S, EV 70.0 MPH) |
Bottom of the 6th over - 6 runs, 4 hits, 0 errors, 0 left on base; Detroit 3 - Cleveland 9 |
TOP OF THE 7TH | |
---|---|
Detroit Tigers batting - Pitching for Cleveland Guardians : RHP Ben Cole | |
Now at 2B: Danny Eberhart | |
Now at 3B: Jasper Burd | |
Batting: RHB Chris Wheatley |
0-0: Ball 1-0: Ball 2-0: Ball 3-0: Base on Balls |
Batting: LHB Conrad Taylor | 0-0: 2-RUN HOME RUN (Line Drive, 9D, EV 105.0 MPH), Distance : 386 ft |
Pitching: LHP Rene Eenkhoorn | |
Batting: SHB Adam Weber |
0-0: Swinging Strike 0-1: Ball 1-1: Foul Ball, location: 2F 1-2: Strikes out swinging |
Batting: LHB Tyler Davis | 0-0: SINGLE (Line Drive, 89S, EV 99.4 MPH) |
Batting: RHB Brady Jeleniewski |
0-0: Called Strike Pickoff Throw to First - Out! 1-3 CS 0-1: Swinging Strike 0-2: Ground out 4-3 (Groundball, 4, EV 83.8 MPH) |
Top of the 7th over - 2 runs, 2 hits, 0 errors, 0 left on base; Detroit 5 - Cleveland 9 |
BOTTOM OF THE 7TH | |
---|---|
Cleveland Guardians batting - Pitching for Detroit Tigers : RHP Chris McCurdy | |
Pitching: RHP Kevin Hockenbury | |
Batting: RHB Jasper Burd |
0-0: Ball 1-0: Ball 2-0: Swinging Strike 2-1: Called Strike 2-2: Strikes out swinging |
Batting: LHB Jack Bell |
0-0: Ball 1-0: Called Strike 1-1: Ball 2-1: Ball 3-1: Called Strike 3-2: Fly out, F7 (Flyball, 7, EV 89.4 MPH) |
Batting: RHB Nick Sharp |
0-0: Called Strike 0-1: Ball 1-1: Swinging Strike 1-2: Ball 2-2: Foul Ball, location: 2F 2-2: Strikes out swinging |
Bottom of the 7th over - 0 runs, 0 hits, 0 errors, 0 left on base; Detroit 5 - Cleveland 9 |
TOP OF THE 8TH | |
---|---|
Detroit Tigers batting - Pitching for Cleveland Guardians : LHP Rene Eenkhoorn | |
Batting: RHB Dan Friess | 0-0: Ground out 4-3 (Groundball, 4, EV 108.1 MPH) |
Batting: RHB Rich Stinson |
0-0: Ball 1-0: Called Strike 1-1: Called Strike 1-2: Fly out, F9 (Flyball, 9S, EV 81.2 MPH) |
Batting: LHB Morgan Black |
0-0: Ball 1-0: Called Strike 1-1: Called Strike 1-2: Ball 2-2: Ground out 4-3 (Groundball, 4, EV 82.5 MPH) |
Top of the 8th over - 0 runs, 0 hits, 0 errors, 0 left on base; Detroit 5 - Cleveland 9 |
BOTTOM OF THE 8TH | |
---|---|
Cleveland Guardians batting - Pitching for Detroit Tigers : RHP Kevin Hockenbury | |
Pitching: RHP Chris Haselhorst | |
Batting: RHB Rick O'Reilly |
0-0: Called Strike 0-1: Swinging Strike 0-2: Foul Ball, location: 2F 0-2: Strikes out swinging |
Batting: RHB Aaron Matthews |
0-0: Ball 1-0: Foul Ball, location: 2F 1-1: Foul Ball, location: 2F 1-2: Fly out, F7 (Flyball, 7LD, EV 88.8 MPH) |
Batting: LHB Arvin Dungca |
0-0: Ball 1-0: Ground out U3 (Groundball, 34S, EV 92.5 MPH) |
Bottom of the 8th over - 0 runs, 0 hits, 0 errors, 0 left on base; Detroit 5 - Cleveland 9 |
TOP OF THE 9TH | |
---|---|
Detroit Tigers batting - Pitching for Cleveland Guardians : LHP Rene Eenkhoorn | |
Batting: LHB Frank McConnell |
0-0: Ball 1-0: Called Strike 1-1: Fly out, F8 (Line Drive, 8RM, EV 89.4 MPH) |
Batting: RHB Chris Wheatley |
0-0: Called Strike 0-1: Swinging Strike 0-2: Strikes out swinging |
Batting: LHB Conrad Taylor | 0-0: Fly out, F9 (Flyball, 9S, EV 74.4 MPH) |
Top of the 9th over - 0 runs, 0 hits, 0 errors, 0 left on base; Detroit 5 - Cleveland 9 |
Tuesday, March 28th , 2023 - OOTP Baseball 23.10 Build 110 |